 Dungeon Crawl Stone Soup version 0.21.0-37-g46506fa (webtiles) character file.

3509 tidbits the Martial Artist (level 10, -4/74 HPs)
             Began as a Gnoll Transmuter on Jan 30, 2018.
             Slain by a two-headed ogre
             ... wielding a +0 giant club
              (6 damage)
             ... on level 10 of the Dungeon.
             The game lasted 00:24:35 (2701 turns).

tidbits the Martial Artist (Gnoll Transmuter)       Turns: 2701, Time: 00:24:36

Health: -4/74      AC:  9    Str: 12    XL:     10   Next: 7%
Magic:  15/20      EV: 17    Int: 19    God:
Gold:   206        SH:  0    Dex: 18    Spells: 9/23 levels left

rFire    + . .     SeeInvis .     - Unarmed
rCold    . . .     Gourm    .   (shield currently unavailable)
rNeg     . . .     Faith    .   B - +1 robe "Xugacoha" {MR+}
rPois    .         Spirit   .   (no helmet)
rElec    .         Reflect  .   C - +2 cloak
rCorr    .         Harm     .   (gloves currently unavailable)
MR       +....                  (no boots)
Stlth    +++.......             F - amulet of magic regeneration
HPRegen  0.22/turn              w - ring of flight
MPRegen  0.42/turn              J - ring of fire

@: blade hands (expiring)
A: distributed training, fangs 1, icy blue scales 1, agile 1, blurry vision 1,
cold resistance 1, shaggy fur 1, strong nose
a: End Transformation, Evoke Flight


You were on level 10 of the Dungeon.
You were not hungry.
You had blades for hands.
You visited 2 branches of the dungeon, and saw 12 of its levels.
You also visited: Ossuary.

You collected 266 gold pieces.
You spent 60 gold pieces at shops.

Inventory:

Hand Weapons
 i - a +0 dagger (melded)
 l - a +0 hunting sling of freezing
   (You found it on level 1 of the Dungeon)
 q - a cursed +2 scimitar of slicing
   (You took it off a wight on level 10 of the Dungeon)
 t - a +0 long sword
 z - a +0 war axe
 D - a +4 hand axe of freezing
   (You took it off a wight on level 9 of the Dungeon)
Missiles
 a - 24 arrows
 b - a tomahawk
 f - 15 sling bullets
 k - 81 stones (quivered)
 u - 7 steel javelins
 y - 2 throwing nets {!f}
Armour
 o - a +1 robe
 B - the +1 robe "Xugacoha" (worn) {MR+}
   (You found it on level 6 of the Dungeon)

   It affects your resistance to hostile enchantments.
 C - a +2 cloak (worn)
Jewellery
 w - a ring of flight (left scythe-like blade)
   (You found it on level 8 of the Dungeon)
 F - an amulet of magic regeneration (around neck)
   (You found it in an ossuary)
 J - a ring of fire (right scythe-like blade)
   (You found it on level 10 of the Dungeon)
Wands
 j - a wand of iceblast (7)
 p - a wand of paralysis (11)
 G - a wand of acid (6)
 I - a wand of polymorph (3)
Scrolls
 e - a scroll of random uselessness
 h - 2 scrolls of enchant weapon
 m - 4 scrolls of teleportation
 n - a scroll of immolation
 r - 7 scrolls of remove curse
 v - a scroll of blinking
 x - a scroll of holy word
Potions
 g - a potion of flight {unknown}
 s - 2 potions of brilliance
 A - 2 potions of curing
 E - 3 potions of heal wounds
 H - 2 potions of mutation {!q}
Books
 d - a book of Changes

   Spells                             Type                      Level
   a - Beastly Appendage              Transmutation                1
   b - Sticks to Snakes               Transmutation                2
   c - Spider Form                    Transmutation/Poison         3
   d - Ice Form                       Ice/Transmutation            4
   e - Blade Hands                    Transmutation                5
Comestibles
 c - 6 rations


   Skills:
 + Level 5.5 Fighting
 + Level 4.8 Short Blades
 + Level 4.8 Long Blades
 + Level 4.8 Axes
 + Level 4.8 Maces & Flails
 + Level 4.8 Polearms
 + Level 4.8 Staves
 + Level 4.8 Slings
 + Level 4.8 Bows
 + Level 4.8 Crossbows
 + Level 4.8 Throwing
 + Level 4.8 Armour
 + Level 6.7 Dodging
 + Level 4.8 Stealth
 + Level 4.8 Shields
 + Level 8.2 Unarmed Combat
 + Level 7.0 Spellcasting
 + Level 4.0 Conjurations
 + Level 4.0 Hexes
 + Level 4.0 Charms
 + Level 4.0 Summonings
 + Level 4.0 Necromancy
 + Level 4.0 Translocations
 + Level 5.6 Transmutations
 + Level 4.0 Fire Magic
 + Level 4.0 Ice Magic
 + Level 4.0 Air Magic
 + Level 4.0 Earth Magic
 + Level 4.0 Poison Magic
 + Level 5.3 Invocations
 + Level 4.8 Evocations


You had 9 spell levels left.
You knew the following spells:

 Your Spells              Type           Power        Failure   Level  Hunger
h - Blade Hands           Tmut           ####......   71%         5    #####..
i - Ice Form              Ice/Tmut       ###.....     54%         4    ###....
k - Sticks to Snakes      Tmut           ####....     19%         2    None
p - Spider Form           Tmut/Pois      ###.......   30%         3    #......


Dungeon Overview and Level Annotations

Branches:
Dungeon (11/15)            Temple (1/1) D:5             Orc (0/2) D:11
   Lair: D:8-11

Altars:
Ashenzari
Dithmenos
Elyvilon
Gozag
Hepliaklqana
Kikubaaqudgha
Makhleb
Nemelex Xobeh
Okawaru
Qazlal
Ru
Sif Muna
Trog
Uskayaw
Vehumet
Wu Jian
Xom
Yredelemnul
Zin
The Shining One
Jiyva

Shops:
D:6 %*(   D:10 [

Annotations:
D:10 Fannar


Innate Abilities, Weirdness & Mutations

Your experience applies equally to all skills.
You have very sharp teeth.
Your uncanny sense of smell can sniff out nearby items.
You are partially covered in icy blue scales. (AC +2)
You are agile. (Dex +2)
Scrolls take you a little longer to read.
Your flesh is cold resistant. (rC+)
You are covered in fur. (AC +1)


Message History

You see here a glowing onyx ring.
J - a glowing onyx ring Put on which piece of jewellery? (? for menu, Esc to quit)
You feel more attuned to fire.
J - a ring of fire (right hand)
You open the door. 2 killer bees come into view.
There is an open door here.
Your magical contamination has completely faded away.
Unknown command.
Casting: Sticks to Snakes
Confirm with . or Enter, or press ? or * to list all spells.
Your hands turn into razor-sharp scythe blades.
Your +0 dagger melds into your body.
A killer bee comes into view.
There is an open door here.
You barely miss the killer bee.
The killer bee buzzes angrily.
The killer bee closely misses you. The killer bee barely misses you.
A killer bee comes into view.
The killer bee buzzes angrily.
You slash the killer bee! Your bite misses the killer bee.
The killer bee is heavily wounded.
The killer bee closely misses you.
The killer bee stings you but does no damage.
A killer bee comes into view.
You miss the killer bee.
The killer bee is heavily wounded.
The killer bee closely misses you.
The killer bee moves out of view.
The killer bee stings you but does no damage.
A two-headed ogre comes into view.
It is wielding a giant club and a giant spiked club.
The two-headed ogre shouts in stereo!
You slice the killer bee!!
You kill the killer bee!
The two-headed ogre moves out of view.
Your transformation is almost over.
The killer bee completely misses you.
You slice the killer bee!!
You kill the killer bee!
Your base Conjurations skill increases to level 4!
Your base Hexes skill increases to level 4!
Your base Charms skill increases to level 4!
Your base Summonings skill increases to level 4!
Your base Necromancy skill increases to level 4!
Your base Translocations skill increases to level 4!
Your base Fire Magic skill increases to level 4!
Your base Ice Magic skill increases to level 4!
Your base Air Magic skill increases to level 4!
Your base Earth Magic skill increases to level 4!
Your base Poison Magic skill increases to level 4!
The killer bee closely misses you.
The killer bee buzzes angrily.
You hit the killer bee.
The killer bee is moderately wounded.
The killer bee stings you.
You completely miss the killer bee.
The killer bee is moderately wounded.
The killer bee stings you but does no damage.
The killer bee closely misses you.
You miss the killer bee.
The killer bee is moderately wounded.
The killer bee stings you! The killer bee completely misses you.
You slice the killer bee!!
You kill the killer bee!
Your life force feels restored.
You hit the two-headed ogre. Your bite misses the two-headed ogre.
The two-headed ogre is lightly wounded.
You slash the two-headed ogre! You slash the two-headed ogre.
The two-headed ogre is lightly wounded.
The two-headed ogre hits you with a giant club!
* * * LOW HITPOINT WARNING * * *
The two-headed ogre barely misses you.
You slash the two-headed ogre!
The two-headed ogre is heavily wounded.
You slash the two-headed ogre!
The two-headed ogre is severely wounded.
The two-headed ogre completely misses you. x2
You hit the two-headed ogre. You slash the two-headed ogre!
You bite the two-headed ogre, but do no damage.
The two-headed ogre is almost dead.
Your hands revert to their normal proportions.
Your +0 dagger unmelds from your body.
You hit the two-headed ogre but do no damage.
The two-headed ogre is almost dead.
The two-headed ogre misses you.
The two-headed ogre completely misses you.
Casting: Blade Hands
Confirm with . or Enter, or press ? or * to list all spells.
Your hands turn into razor-sharp scythe blades.
Your +0 dagger melds into your body.
Your transformation is almost over.
The two-headed ogre hits you with a giant club!
* * * LOW HITPOINT WARNING * * *
The two-headed ogre misses you.
You slash the two-headed ogre!
The two-headed ogre is almost dead.
The two-headed ogre hits you with a giant club!!
* * * LOW HITPOINT WARNING * * *
The two-headed ogre hits you with a giant spiked club.
You die...

+.........#
#.........#
#..)......#
#.........#
#.........#
#.........#
#.........#
#.........#
######@####
#O# #yy#
#.## .. ...
#... #...
#...


You could see a two-headed ogre and 2 killer bees.

Vanquished Creatures
  An unseen horror (D:10)
  Maurice (D:10)
  Prince Ribbit (D:7)
  2 hungry ghosts
  An orc warrior (D:10)
  An ice beast (D:7)
  A phantom (D:9)
  A sky beast (D:10)
  4 ogres
  2 bullfrogs
  3 killer bees (D:10)
  6 wights
  A crimson imp (D:5)
  4 howler monkeys
  A centaur zombie (D:7)
  An orc priest (D:7)
  2 orc wizards (D:7)
  4 bullfrog skeletons
  A hound (D:6)
  3 jellies
  A gnoll shaman (D:4)
  Ijyb (D:5)
  A worker ant (D:7)
  A hound zombie (D:5)
  A hound skeleton (D:5)
  3 mummies (Ossuary)
  A worker ant zombie (D:5)
  7 gnolls
  6 adders
  A shadow imp (D:9)
  An ooze (D:3)
  An adder skeleton (D:7)
  A worm (D:4)
  A leopard gecko (D:3)
  12 orcs
  3 bats
  2 giant cockroaches
  3 goblins
  2 hobgoblins
  2 jackals (D:8)
  A quokka (D:7)
  5 frilled lizards
  4 goblin zombies (Ossuary)
  5 hobgoblin zombies (Ossuary)
  3 kobold zombies (Ossuary)
  A leopard gecko skeleton (D:5)
  2 rats
113 creatures vanquished.

Vanquished Creatures (collateral kills)
  An ogre (D:5)
  A centaur (D:5)
  A wight (D:9)
  A hound (D:4)
  A centaur skeleton (D:6)
  A worker ant (D:4)
  A gnoll (D:4)
  A leopard gecko (D:6)
  An orc (D:10)
  A ball python (D:4)
10 creatures vanquished.

Grand Total: 123 creatures vanquished

Notes
Turn   | Place    | Note
-------+----------+-------------------------------------------
     0 | D:1      | tidbits the Gnoll Transmuter began the quest for the Orb.
     0 | D:1      | Reached XP level 1. HP: 17/17 MP: 6/6
    58 | D:2      | Reached XP level 2. HP: 20/23 MP: 5/7
    62 | D:2      | Learned a level 2 spell: Sticks to Snakes
   233 | D:2      | Gained mutation: Your mind is acute. (Int +2) [potion of mutation]
   233 | D:2      | Gained mutation: You are partially covered in icy blue scales. (AC +2) [potion of mutation]
   233 | D:2      | Gained mutation: You do not regenerate when monsters are visible. [potion of mutation]
   233 | D:2      | Gained mutation: You are covered in fur. (AC +1) [potion of mutation]
   250 | D:3      | Reached XP level 3. HP: 19/28 MP: 5/9
   255 | D:3      | Learned a level 3 spell: Spider Form
   290 | D:3      | Reached skill level 5 in Spellcasting
   313 | D:4      | Noticed an ogre
   323 | D:4      | Killed an ogre
   323 | D:4      | Reached skill level 1 in Short Blades
   323 | D:4      | Reached skill level 1 in Long Blades
   323 | D:4      | Reached skill level 1 in Axes
   323 | D:4      | Reached skill level 1 in Maces & Flails
   323 | D:4      | Reached skill level 1 in Polearms
   323 | D:4      | Reached skill level 1 in Staves
   323 | D:4      | Reached skill level 1 in Slings
   323 | D:4      | Reached skill level 1 in Bows
   323 | D:4      | Reached skill level 1 in Crossbows
   323 | D:4      | Reached skill level 1 in Throwing
   323 | D:4      | Reached skill level 1 in Armour
   323 | D:4      | Reached skill level 1 in Stealth
   323 | D:4      | Reached skill level 1 in Shields
   323 | D:4      | Reached skill level 1 in Conjurations
   323 | D:4      | Reached skill level 1 in Hexes
   323 | D:4      | Reached skill level 1 in Charms
   323 | D:4      | Reached skill level 1 in Summonings
   323 | D:4      | Reached skill level 1 in Necromancy
   323 | D:4      | Reached skill level 1 in Translocations
   323 | D:4      | Reached skill level 1 in Fire Magic
   323 | D:4      | Reached skill level 1 in Ice Magic
   323 | D:4      | Reached skill level 1 in Air Magic
   323 | D:4      | Reached skill level 1 in Earth Magic
   323 | D:4      | Reached skill level 1 in Poison Magic
   323 | D:4      | Reached skill level 1 in Invocations
   323 | D:4      | Reached skill level 1 in Evocations
   323 | D:4      | Reached XP level 4. HP: 29/34 MP: 2/11
   327 | D:5      | Entered Level 5 of the Dungeon
   336 | D:6      | Found Bodghyen's Weapon Boutique.
   346 | D:6      | Got an ichor-stained robe
   357 | D:6      | Identified the +1 robe "Xugacoha" {MR+} (You found it on level 6 of the Dungeon)
   415 | D:5      | Noticed a centaur
   420 | D:5      | Noticed Ijyb
   437 | D:5      | Killed Ijyb
   437 | D:5      | Reached XP level 5. HP: 15/40 MP: 3/12
   446 | D:5      | Reached skill level 3 in Fighting
   446 | D:5      | Reached skill level 4 in Transmutations
   446 | D:5      | Killed a centaur
   452 | D:5      | Found a staircase to the Ecumenical Temple.
   462 | Temple   | Entered the Ecumenical Temple
   530 | Temple   | Learned a level 4 spell: Ice Form
   538 | D:5      | Reached XP level 6. HP: 21/47 MP: 10/13
   545 | D:5      | Reached skill level 2 in Invocations
   562 | D:5      | Reached skill level 5 in Dodging
   591 | D:5      | Reached skill level 2 in Short Blades
   591 | D:5      | Reached skill level 2 in Long Blades
   591 | D:5      | Reached skill level 2 in Axes
   591 | D:5      | Reached skill level 2 in Maces & Flails
   591 | D:5      | Reached skill level 2 in Polearms
   591 | D:5      | Reached skill level 2 in Staves
   591 | D:5      | Reached skill level 2 in Slings
   591 | D:5      | Reached skill level 2 in Bows
   591 | D:5      | Reached skill level 2 in Crossbows
   591 | D:5      | Reached skill level 2 in Throwing
   591 | D:5      | Reached skill level 2 in Armour
   591 | D:5      | Reached skill level 2 in Stealth
   591 | D:5      | Reached skill level 2 in Shields
   591 | D:5      | Reached skill level 2 in Evocations
   612 | D:5      | Found a hazy altar of Hepliaklqana.
   635 | D:6      | Found Oceczeph's General Store.
   637 | D:6      | Bought a scroll of identify for 24 gold pieces
   637 | D:6      | Bought a scroll of teleportation for 36 gold pieces
   641 | D:6      | Found a basalt altar of Yredelemnul.
   666 | D:6      | Found an opulent altar of Gozag.
   670 | D:6      | Found a bloodstained altar of Trog.
   686 | D:6      | Found Senitine's Food Emporium.
   742 | D:5      | Reached XP level 7. HP: 42/52 MP: 11/15
   838 | D:5      | Found a sacrificial altar of Ru.
   909 | D:7      | Noticed Prince Ribbit
   922 | D:7      | Killed Prince Ribbit
   922 | D:7      | Reached skill level 7 in Unarmed Combat
   922 | D:7      | Reached skill level 2 in Conjurations
   922 | D:7      | Reached skill level 2 in Hexes
   922 | D:7      | Reached skill level 2 in Charms
   922 | D:7      | Reached skill level 2 in Summonings
   922 | D:7      | Reached skill level 2 in Necromancy
   922 | D:7      | Reached skill level 2 in Translocations
   922 | D:7      | Reached skill level 2 in Fire Magic
   922 | D:7      | Reached skill level 2 in Ice Magic
   922 | D:7      | Reached skill level 2 in Air Magic
   922 | D:7      | Reached skill level 2 in Earth Magic
   922 | D:7      | Reached skill level 2 in Poison Magic
  1001 | D:6      | Reached skill level 3 in Invocations
  1002 | D:6      | Found a hide-covered altar of Uskayaw.
  1008 | D:6      | Noticed a hand axe
  1009 | D:6      | Noticed a dagger
  1104 | D:3      | Found a faded altar of an unknown god.
  1108 | D:3      | Found an ornate altar of the Wu Jian Council.
  1305 | D:3      | Lost mutation: Your mind is acute. (Int +2) [potion of mutation]
  1305 | D:3      | Lost mutation: You do not regenerate when monsters are visible. [potion of mutation]
  1305 | D:3      | Gained mutation: Scrolls take you a little longer to read. [potion of mutation]
  1305 | D:3      | Gained mutation: You are agile. (Dex +2) [potion of mutation]
  1305 | D:3      | Gained mutation: Your flesh is cold resistant. (rC+) [potion of mutation]
  1484 | D:4      | Reached XP level 8. HP: 55/60 MP: 8/16
  1614 | D:7      | Found an iron altar of Okawaru.
  1622 | D:7      | Reached skill level 4 in Fighting
  1622 | D:7      | Reached skill level 3 in Short Blades
  1622 | D:7      | Reached skill level 3 in Long Blades
  1622 | D:7      | Reached skill level 3 in Axes
  1622 | D:7      | Reached skill level 3 in Maces & Flails
  1622 | D:7      | Reached skill level 3 in Polearms
  1622 | D:7      | Reached skill level 3 in Staves
  1622 | D:7      | Reached skill level 3 in Slings
  1622 | D:7      | Reached skill level 3 in Bows
  1622 | D:7      | Reached skill level 3 in Crossbows
  1622 | D:7      | Reached skill level 3 in Throwing
  1622 | D:7      | Reached skill level 3 in Armour
  1622 | D:7      | Reached skill level 3 in Stealth
  1622 | D:7      | Reached skill level 3 in Shields
  1622 | D:7      | Reached skill level 3 in Evocations
  1641 | D:7      | Reached skill level 6 in Spellcasting
  1671 | D:7      | HP: 7/73 [orc priest/nerve-wracking pain (6)]
  1675 | D:7      | HP: 1/73 [orc wizard/magic dart (7)]
  1731 | D:7      | Noticed a hippogriff
  1855 | D:8      | Found a sand-covered staircase.
  1858 | Ossuary  | Entered an ossuary
  1858 | Ossuary  | Noticed a wraith
  1858 | Ossuary  | Noticed a wraith
  1858 | Ossuary  | Noticed a wraith
  1876 | Ossuary  | Reached skill level 4 in Invocations
  1899 | Ossuary  | Noticed a wraith
  2011 | Ossuary  | Reached skill level 3 in Conjurations
  2011 | Ossuary  | Reached skill level 3 in Hexes
  2011 | Ossuary  | Reached skill level 3 in Charms
  2011 | Ossuary  | Reached skill level 3 in Summonings
  2011 | Ossuary  | Reached skill level 3 in Necromancy
  2011 | Ossuary  | Reached skill level 3 in Translocations
  2011 | Ossuary  | Reached skill level 3 in Fire Magic
  2011 | Ossuary  | Reached skill level 3 in Ice Magic
  2011 | Ossuary  | Reached skill level 3 in Air Magic
  2011 | Ossuary  | Reached skill level 3 in Earth Magic
  2011 | Ossuary  | Reached skill level 3 in Poison Magic
  2148 | D:8      | Found a viscous altar of Jiyva.
  2182 | D:9      | Reached XP level 9. HP: 59/66 MP: 10/18
  2189 | D:9      | Learned a level 5 spell: Blade Hands
  2218 | D:9      | Found a white marble altar of Elyvilon.
  2242 | D:9      | Reached skill level 6 in Dodging
  2263 | D:9      | Reached skill level 5 in Transmutations
  2343 | D:10     | Entered Level 10 of the Dungeon
  2387 | D:10     | Noticed Fannar
  2406 | D:10     | Noticed Maurice
  2416 | D:10     | Killed Maurice
  2416 | D:10     | Reached skill level 5 in Fighting
  2416 | D:10     | Reached skill level 4 in Short Blades
  2416 | D:10     | Reached skill level 4 in Long Blades
  2416 | D:10     | Reached skill level 4 in Axes
  2416 | D:10     | Reached skill level 4 in Maces & Flails
  2416 | D:10     | Reached skill level 4 in Polearms
  2416 | D:10     | Reached skill level 4 in Staves
  2416 | D:10     | Reached skill level 4 in Slings
  2416 | D:10     | Reached skill level 4 in Bows
  2416 | D:10     | Reached skill level 4 in Crossbows
  2416 | D:10     | Reached skill level 4 in Throwing
  2416 | D:10     | Reached skill level 4 in Armour
  2416 | D:10     | Reached skill level 4 in Stealth
  2416 | D:10     | Reached skill level 4 in Shields
  2416 | D:10     | Reached skill level 4 in Evocations
  2445 | D:10     | Found Ovuubop's Antique Armour Emporium.
  2469 | D:10     | Killed an unseen horror
  2469 | D:10     | Reached skill level 8 in Unarmed Combat
  2476 | D:11     | Found a staircase to the Orcish Mines.
  2544 | D:10     | Reached skill level 5 in Invocations
  2641 | D:10     | Reached XP level 10. HP: 39/74 MP: 18/20
  2643 | D:10     | Reached skill level 7 in Spellcasting
  2687 | D:10     | Noticed a two-headed ogre
  2689 | D:10     | Reached skill level 4 in Conjurations
  2689 | D:10     | Reached skill level 4 in Hexes
  2689 | D:10     | Reached skill level 4 in Charms
  2689 | D:10     | Reached skill level 4 in Summonings
  2689 | D:10     | Reached skill level 4 in Necromancy
  2689 | D:10     | Reached skill level 4 in Translocations
  2689 | D:10     | Reached skill level 4 in Fire Magic
  2689 | D:10     | Reached skill level 4 in Ice Magic
  2689 | D:10     | Reached skill level 4 in Air Magic
  2689 | D:10     | Reached skill level 4 in Earth Magic
  2689 | D:10     | Reached skill level 4 in Poison Magic
  2701 | D:10     | HP: 2/74 [two-headed ogre/giant club (18)]
  2701 | D:10     | Slain by a two-headed ogre

Skill      XL: |  1  2  3  4  5  6  7  8  9 10 |
---------------+-------------------------------+-----
Spellcasting   | 5 6 7 |  7.0
Short Blades   | 1 2 3 4 |  4.8
Long Blades    | 1 2 3 4 |  4.8
Axes           | 1 2 3 4 |  4.8
Maces & Flails | 1 2 3 4 |  4.8
Polearms       | 1 2 3 4 |  4.8
Staves         | 1 2 3 4 |  4.8
Slings         | 1 2 3 4 |  4.8
Bows           | 1 2 3 4 |  4.8
Crossbows      | 1 2 3 4 |  4.8
Throwing       | 1 2 3 4 |  4.8
Armour         | 1 2 3 4 |  4.8
Stealth        | 1 2 3 4 |  4.8
Shields        | 1 2 3 4 |  4.8
Conjurations   | 1 2 3 4 |  4.0
Hexes          | 1 2 3 4 |  4.0
Charms         | 1 2 3 4 |  4.0
Summonings     | 1 2 3 4 |  4.0
Necromancy     | 1 2 3 4 |  4.0
Translocations | 1 2 3 4 |  4.0
Fire Magic     | 1 2 3 4 |  4.0
Ice Magic      | 1 2 3 4 |  4.0
Air Magic      | 1 2 3 4 |  4.0
Earth Magic    | 1 2 3 4 |  4.0
Poison Magic   | 1 2 3 4 |  4.0
Invocations    | 1 2 3 4 5 |  5.3
Evocations     | 1 2 3 4 |  4.8
Fighting       | 3 4 5 |  5.5
Transmutations | 4 5 |  5.6
Dodging        | 5 6 |  6.7
Unarmed Combat | 7 8 |  8.2

Action                   |  1- 3 |  4- 6 |  7- 9 | 10-12 || total
-------------------------+-------+-------+-------+-------++-------
Melee: Unarmed           |    27 |    46 |   263 |    18 ||   354
       Kick              |     5 |       |       |       ||     5
       Bite              |     1 |       |       |     1 ||     2
       Dagger            |       |       |     3 |     1 ||     4
       Punch             |       |       |       |     2 ||     2
 Cast: Beastly Appendage |     6 |       |       |       ||     6
       Sticks to Snakes  |     3 |     4 |    17 |       ||    24
       Spider Form       |     2 |     6 |    30 |       ||    38
       Ice Form          |       |       |     4 |       ||     4
       Blade Hands       |       |       |     1 |     2 ||     3
 Abil: End Transformatio |       |       |     1 |       ||     1
Evoke: Wand              |       |       |     2 |       ||     2
  Use: Scroll            |     4 |     4 |    10 |       ||    18
       Potion            |     1 |     4 |     6 |       ||    11
 Stab: Sleeping          |       |     1 |     6 |       ||     7
       Distracted        |       |       |     4 |       ||     4
       Paralysed         |       |       |     3 |       ||     3
  Eat: Ration            |       |       |     3 |       ||     3
       Chunk             |       |       |     2 |       ||     2
Armor: Robe              |     1 |       |    10 |     4 ||    15
       Skin              |       |     2 |    12 |       ||    14
Dodge: Dodged            |    11 |    43 |   193 |    17 ||   264

Table legend:
 A = Turns spent in this place as a percentage of turns spent in the entire game.
 B = Non-inter-level travel turns spent in this place as a percentage of non-inter-level travel turns spent in the entire game.
 C = Inter-level travel turns spent in this place as a percentage of turns spent in this place.
 D = Turns resting spent in this place as a percentage of non-inter-level travel turns spent in this place.
 E = Turns spent auto-exploring this place as a percentage of non-inter-level travel turns spent in this place.
 F = Non-inter-level travel turns spent in this place divided by the number of levels of this place that you've seen.
                   A       B       C       D       E      F
               +-------+-------+-------+-------+-------+----------------------
         Total | 100.0 | 100.0 |   1.0 |   0.0 |   0.0 | 205.6
       Dungeon |  87.9 |  88.8 |   0.0 |   0.0 |   0.0 | 215.8
        Temple |   2.6 |   1.6 |  40.0 |   0.0 |   0.0 |  42.0
       Ossuary |   9.5 |   9.6 |   0.0 |   0.0 |   0.0 | 257.0
               +-------+-------+-------+-------+-------+----------------------

Table legend:
 A = Kills in this place as a percentage of kills in entire the game.
 B = Kills by you in this place as a percentage of kills by you in the entire game.
 C = Kills by friends in this place as a percentage of kills by friends in the entire game.
 D = Other kills in this place as a percentage of other kills in the entire game.
 E = Experience gained in this place as a percentage of experience gained in the entire game.
 F = Experience gained in this place divided by the number of levels of this place that you have seen.
                   A       B       C       D       E      F
               +-------+-------+-------+-------+-------+----------------------
         Total | 100.0 | 100.0 | 100.0 |   N/A | 100.0 | 385.7
       Dungeon |  87.8 |  86.7 | 100.0 |   N/A |  98.7 | 449.8
       Ossuary |  12.2 |  13.3 |   0.0 |   N/A |   1.3 |  66.0
               +-------+-------+-------+-------+-------+----------------------

Vault maps used:
D:1:      wheals_arrival_shading
D:2:      marbit_many_paths, uniq_sigmund
D:3:      overflow_temple_1_default, first_ration,
          chequers_ecumenical_altar_simple_redux
D:5:      kennysheep_spiral_hall, nicolae_ru_the_path_less_chosen,
          kennysheep_mini, minmay_temple_entry_mist, uniq_ijyb
D:6:      lemuel_round_altar, grunt_temple_overflow_open,
          dancing_weapons_uskayaw, serial_shops,
          nicolae_shop_competitors_out_of_business, shop, kennysheep_mini_moat,
          shop, shop, yredelemnul_altar_generic
D:7:      okawaru_metal_pillars_1_2, serial_curves, eino_curves_03,
          eino_curves_03, uniq_crazy_yiuf_cottage, uniq_prince_ribbit1
D:8:      gammafunk_jiyva_shrine, lightli_ossuary_entry_decrepit_ruins,
          hangedman_pestilent_swarm, minmay_item_behind_shaft, trog_wizard,
          uniq_erica, uniq_grum
D:9:      lemuel_crystal_altar, grunt_lair_entry_orc_guard_hut
D:10:     serial_shops, nicolae_shop_statue_plus, basic_altar, uniq_fannar,
          uniq_joseph, uniq_maurice
D:11:     orc_0_dummy, feat_on_display
Temple:   minmay_temple_bridge_abc
Ossuary:  ossuary_kennysheep_city_of_the_dead
